 Dungeon Crawl Stone Soup version 0.29-a0-1023-g6ae1a4a2c7 (webtiles) character file.

Game seed: 14161795694669660143

49 spaghetti the Trooper (level 3, 10/42 HPs)
             Began as an Ogre Berserker on Aug 11, 2022.
             Was a Follower of Trog.
             Quit the game on level 2 of the Dungeon.
             The game lasted 00:01:46 (1047 turns).

spaghetti the Trooper (Ogre Berserker)              Turns: 1047, Time: 00:01:46

Health: 10/42      AC:  5    Str: 23    XL:     3   Next: 75%
Magic:  3/3        EV: 10    Int:  8    God:    Trog [*.....]
Gold:   44         SH:  0    Dex:  8    Spells: 2/2 levels left

rFire   . . .      SeeInvis .     - Unarmed
rCold   . . .      Faith    .   (no shield)
rNeg    . . .      Spirit   .   d - +2 robe {Will+}
rPois   .          Reflect  .   (helmet restricted)
rElec   .          Harm     .   (no cloak)
rCorr   .          Rampage  .   (gloves unavailable)
Will    +....                   (boots unavailable)
Stlth   +.........              (no amulet)
HPRegen 0.14/turn               (no ring)
MPRegen 0.08/turn               (no ring)

@: on berserk cooldown, slowed, very slow
A: large, unfitting armour, tough skin 1
a: Renounce Religion, Berserk


You were on level 2 of the Dungeon.
You worshipped Trog.
Trog was aware of your devotion.
You visited 1 branch of the dungeon, and saw 2 of its levels.

You collected 44 gold pieces.


Innate Abilities, Weirdness & Mutations

You are too large for most types of armour.
You have tough skin. (AC +1)


   Skills:
 + Level 5.1 Fighting
 - Level 2.6 Dodging
 + Level 3.5 Unarmed Combat


You had 2 spell levels left.
You didn't know any spells.
Your spell library was empty.

Inventory:

Hand Weapons
 c - a +0 dagger {short}
   (You took it off a goblin on level 1 of the Dungeon)
 e - a +0 spear {polearm}
   (You found it on level 1 of the Dungeon)
Missiles
 f - 4 large rocks {=fthrowing}
Armour
 a - a +0 animal skin
 d - a +2 robe of willpower (worn)
   (You found it on level 1 of the Dungeon)
Scrolls
 b - 2 scrolls of teleportation {unknown}
Potions
 g - a potion of might {unknown}
 i - a potion of haste {unknown}

Dungeon Overview and Level Annotations

Branches:
Dungeon (2/15) Zot: 10935

Altars:

Annotations:
D:2 Robin

######...## ......
#........####.[_...
....................
.......#...........
...#####.......###
## #..)....####
#...§§§......
...####gg§......
.....gr@g§......
.....lSgg§......
......S§§§......
................
........###.....
.<..##### .... ....
... ... ..


You could see Robin, 5 goblins, 2 ball pythons, a frilled lizard and a rat.


Message History

A red film seems to cover your vision as you go berserk!
You feel yourself moving faster!
You feel mighty! The goblin hits you but does no damage.
The goblin hits you with a +0 dagger of holy wrath. 😕 HP[+16]
You now have 63 max hp (+21).
You regained 16 hp, and now have 51/63 hp.
You closely miss the goblin. The goblin hits you with a +0 dagger.
The goblin misses you. 😕 HP[-1]
You take 1 damage, and now have 50/63 hp.
You closely miss the goblin. You punch the goblin!
You kill the goblin!
Trog accepts your kill.
The goblin hits you with a +0 dagger of holy wrath.
You barely miss the goblin. The goblin hits you but does no damage.
The goblin hits you with a +0 dagger of holy wrath. 😕 HP[-2]
You take 2 damage, and now have 48/63 hp.
You punch the goblin!
You kill the goblin!
Trog accepts your kill.
You closely miss the goblin. You hit the goblin.
You kill the goblin!
Trog accepts your kill. Robin throws the goblin at you!
The goblin hits you but does no damage. 😮 HP[-2]
You take 2 damage, and now have 46/63 hp.
The goblin shouts!
You hit the goblin.
You kill the goblin!
Trog accepts your kill.
You hear a shout!
You hear an angry hiss.
You hear a shout!
You hear an angry hiss.
You punch the goblin!
You kill the goblin!
Trog accepts your kill.
Robin roars a battlecry! 3 goblins and a ball python come into view.
The goblin shouts! x3; The ball python hisses angrily.
A frilled lizard comes into view.
The goblin unwields a +0 club.
The goblin wields a +1 vorpal sling.
The goblin shoots a sling bullet.
The sling bullet misses you.
Robin hits you from afar with a +5 spear! 😮 HP[-7]
You take 7 damage, and now have 39/63 hp.
You closely miss the goblin. 😮 HP[+1]
You punch the goblin!
You kill the goblin!
Trog accepts your kill. Robin hits you but does no damage.
The goblin shoots a sling bullet.
The sling bullet barely misses you.
You hear an angry hiss.
Robin throws the goblin at you!
You barely miss Robin.
The goblin unwields a +1 vorpal sling.
The goblin wields a +0 club.
The goblin hits you with a +0 club.
A ball python comes into view. 😮 HP[-3]
You take 3 damage, and now have 37/63 hp.
You hit Robin. The rat barely misses you.
The goblin hits you but does no damage. Robin throws the goblin at you!
The goblin hits you with a +0 club. 😮 HP[-1]
You take 1 damage, and now have 36/63 hp.
You closely miss Robin.
You are no longer berserk.
You are exhausted.
You feel yourself slow down. The goblin barely misses you.
Robin hits you with a +5 spear. The rat closely misses you. 😮 HP[-14]
You now have 42 max hp (-21).
Unknown command.
Unknown command.
You hit Robin but do no damage. The goblin barely misses you.
The ball python bites you but does no damage.
The frilled lizard unfolds its giant frill.
The rat bites you but does no damage. The goblin hits you with a +0 dagger.
* * * LOW HITPOINT WARNING * * *
Robin barely misses you. The goblin hits you with a +0 club.
* * * LOW HITPOINT WARNING * * *
😨 HP[-9]
You take 9 damage, and now have 13/42 hp.
MASSIVE DAMAGE!! (PAUSE) Unknown command.
As you read the scroll labelled WIEPE TUCIOMYE, it crumbles to dust.
The scroll dissolves into smoke.
It was a scroll of fog.
The ball python bites you but does no damage.
The rat bites you but does no damage. The goblin closely misses you.
The ball python bites you but does no damage.
The goblin closely misses you. The goblin hits you with a +0 dagger.
* * * LOW HITPOINT WARNING * * *
The rat bites you but does no damage. The goblin barely misses you. 😱 HP[-3]
You take 3 damage, and now have 10/42 hp.
Unknown command.
Are you sure you want to abandon this character and quit the game? (Confirm with "yes".)

Skill      XL: |  1  2  3 |
---------------+----------+-----
Unarmed Combat | 3 |  3.5
Fighting       | 5 |  5.1
Dodging        | |  2.6

Action                   || total
-------------------------++-------
Melee: Unarmed           ||   110
       Punch             ||     1
Invok: Berserk           ||     4
  Use: Scroll            ||     1
Armor: Animal skin       ||     5
       Robe              ||    43
       Skin              ||     1
Dodge: Dodged            ||    72

Levels and vault maps discovered:
D:1:      evilmike_arrival_crescent, layout_basic, serial_curves,
          eino_curves_01, eino_curves_01, st_stairs_6
D:2:      layout_basic, ebering_ecumenical_altar_sacrificial, uniq_robin

Notes
Turn   | Place    | Note
-------+----------+-------------------------------------------
     0 | D:1      | spaghetti the Ogre Berserker began the quest for the Orb.
     0 | D:1      | Reached XP level 1. HP: 24/24 MP: 1/1
     0 | D:1      | magus.rc [v1.9.6]
   165 | D:1      | Reached skill level 3 in Unarmed Combat
   165 | D:1      | Reached XP level 2. HP: 29/33 MP: 2/2
   644 | D:1      | Reached XP level 3. HP: 41/41 MP: 3/3
   927 | D:2      | Reached skill level 5 in Fighting
  1019 | D:2      | Found a faded altar of an unknown god.
  1025 | D:2      | Noticed Robin
  1046 | D:2      | HP: 10/42 [goblin/+0 dagger[Robin] (3)]
  1047 | D:2      | Quit the game

Vanquished Creatures
  3 dart slugs
  6 bats (D:1)
  5 endoplasms
  A giant cockroach (D:1)
  9 goblins
  A hobgoblin (D:1)
  3 jackals (D:1)
  4 quokkas
  3 ball pythons (D:1)
35 creatures vanquished.

Table legend:
 A = Non-vault XP
 B = Vault XP
 C = Vault XP percentage of total XP
 D = Non-vault monster count
 E = Vault monster count
 F = Vault count percentage of total count
                 A         B        C        D         E       F
            +---------+---------+-------+---------+---------+-------
      Total |      53 |      17 |  24.3 |      26 |       8 |  23.5
            +---------+---------+-------+---------+---------+-------
        D:1 |      43 |       6 |  12.2 |      22 |       2 |   8.3
        D:2 |      10 |      11 |  52.4 |       4 |       6 |  60.0
            +---------+---------+-------+---------+---------+-------

Illustrated notes

Table legend:
 A = Kills in this place as a percentage of kills in entire the game.
 B = Kills by you in this place as a percentage of kills by you in the entire game.
 C = Kills by friends in this place as a percentage of kills by friends in the entire game.
 D = Other kills in this place as a percentage of other kills in the entire game.
 E = Experience gained in this place as a percentage of experience gained in the entire game.
 F = Experience gained in this place divided by the number of levels of this place that you have seen.
                   A       B       C       D       E      F
               +-------+-------+-------+-------+-------+----------------------
         Total | 100.0 | 100.0 |   N/A |   N/A | 100.0 |  35.0
       Dungeon | 100.0 | 100.0 |   N/A |   N/A | 100.0 |  35.0
               +-------+-------+-------+-------+-------+----------------------

Table legend: (Time is in decaauts)
 A = Elapsed time spent in this place.
 B = Non-inter-level travel time spent in this place.
 C = Inter-level travel time spent in this place.
 D = Time resting spent in this place.
 E = Time spent auto-exploring this place.
 F = Levels seen in this place.
 G = Mean time per level.
                   A        B        C        D        E       F      G
               +--------+--------+--------+--------+--------+-----+--------+
         Total |   1064 |   1045 |     19 |     33 |    792 |   2 |  532.0 |
       Dungeon |   1064 |   1045 |     19 |     33 |    792 |   2 |  532.0 |
               +--------+--------+--------+--------+--------+-----+--------+

Top non-repeatable levels by time:
     D:1: 945 daAuts
     D:2: 118 daAuts
